 Dungeon Crawl Stone Soup version 0.24-a0-521-g122614bf49 (webtiles) character file.

Game seed: 2208788290503065129

3133 Peloso the Carver (level 9, -1/120 HPs)
             Began as a Minotaur Fighter on July 28, 2019.
             Was a Follower of Okawaru.
             Slain by a hornet (4 damage)
             ... while paralysed by a hornet
             ... on level 7 of the Dungeon.
             The game lasted 00:16:57 (7336 turns).

Peloso the Carver (Minotaur Fighter)                Turns: 7336, Time: 00:16:58

Health: -1/120     AC: 14    Str: 27    XL:     9   Next: 61%
Magic:  8/8        EV:  2    Int:  5    God:    Okawaru [*.....]
Gold:   284        SH:  0    Dex: 12    Spells: 8/8 levels left

rFire    . . .     SeeInvis .   a - +0 long sword
rCold    + . .     Gourm    .   c - +0 shield
rNeg     . . .     Faith    .   o - +0 plate armour
rPois    .         Spirit   .   (helmet restricted)
rElec    .         Reflect  .   i - +0 cloak
rCorr    .         Harm     .   (no gloves)
MR       .....                  (no boots)
Stlth    ..........             (no amulet)
HPRegen  0.30/turn              w - ring of protection from cold
MPRegen  0.11/turn              (no ring)

@: paralysed, berserking, lethally poisoned (-1 -> -3), slowed
A: retaliatory headbutt, horns 2
a: Heroism, Renounce Religion


You were on level 7 of the Dungeon.
You worshipped Okawaru.
Okawaru was aware of your devotion.
You were not hungry.

You visited 2 branches of the dungeon, and saw 9 of its levels.

You collected 421 gold pieces.
You spent 137 gold pieces at shops.

Inventory:

Hand Weapons
 a - a +0 long sword (weapon)
Armour
 b - a +0 scale mail
 c - a +0 shield (worn)
 i - a +0 cloak (worn)
 o - a +0 plate armour (worn)
Jewellery
 w - a ring of protection from cold (left hand)
Wands
 d - a wand of digging (6)
 m - a wand of polymorph (7)
 u - a wand of paralysis (8)
 y - a wand of random effects (21)
Scrolls
 e - a scroll of identify
 h - 5 scrolls of amnesia {unknown}
 n - a scroll of blinking {unknown}
 q - a scroll of immolation {unknown}
 t - a scroll of enchant weapon
 v - a scroll of fear {unknown}
 x - 2 scrolls of teleportation {unknown}
Potions
 k - 2 potions of heal wounds
 l - a potion of brilliance
 p - a potion of cancellation
 r - a potion of flight
Comestibles
 f - 16 rations


   Skills:
 + Level 7.7 Fighting
 + Level 9.8 Long Blades
 + Level 7.6 Armour
 + Level 3.2 Dodging
 + Level 2.2 Stealth
 + Level 8.2 Shields


You had 8 spell levels left.
You didn't know any spells.
Your spell library was empty.

Dungeon Overview and Level Annotations

Branches:
Dungeon (8/15)             Temple (1/1) D:5
   Lair: D:8-11

Altars:
Ashenzari
Dithmenos
Elyvilon
Fedhas
Gozag
Hepliaklqana
Kikubaaqudgha
Makhleb
Nemelex Xobeh
Okawaru
Qazlal
Ru
Sif Muna
Trog
Uskayaw
Vehumet
Xom
Yredelemnul
Zin

Shops:
D:4 *(?}


Innate Abilities, Weirdness & Mutations

You reflexively headbutt those who attack you in melee.
You have a pair of horns on your head.


Message History

There is a stone staircase leading down here.
You feel better.
The hornet stings you but does no damage.
The hornet barely misses you.
No item to drop.
A red film seems to cover your vision as you go berserk!
You feel yourself moving faster!
You feel mighty! The hornet barely misses you.
You riposte.
You slash the hornet!
The hornet is moderately wounded.
The hornet stings you!
* * * LOW HITPOINT WARNING * * *
You are poisoned.
You suddenly lose the ability to move!
You feel sick. The hornet stings you!
* * * LOW HITPOINT WARNING * * *
You feel as though you will be slow longer.
The hornet stings you but does no damage.
* * * LOW HITPOINT WARNING * * *
You feel sick. The hornet stings you.
You die...

####.#..##.#.#.#.#.# #.#.#
........##.#.#.#.#.# #.#.#
####.#.......#.#.#.# ###.#.#
#.#####.###.#.#.###.....###
#.....#.#.#.#.#...........#
#####.#.#.#.#.#.......###.#
########.#...#...........###.####
...............รท.#..............#
................@#.##..#.#...####
......##.#.....#y#..<....#.#.#
##.##.#.....#..#.#.#.#.#...#.#
##.##.#..#.....#.#.#.....###.#
##.##.#.....#.##.#....#..# #(#
......#...###............# #.#
##........######.####.#..###.#
#<..#...............#.....##.#
#.......#####.##(##.#.#...##.#


You could see a hornet.

Vanquished Creatures
  Grinder (D:6)
  A spriggan (D:7)
  A hungry ghost (D:7)
  A hornet zombie (D:8)
  An ice beast (D:8)
  2 sky beasts
  A necrophage (D:8)
  An orc warrior (D:6)
  2 phantoms
  4 ogres
  5 centaurs
  Blork the orc (D:5)
  A scorpion (D:5)
  4 wights (D:7)
  A crimson imp (D:6)
  A centaur zombie (D:5)
  A bullfrog zombie (D:5)
  2 jellies
  3 hounds
  2 centaur skeletons (D:4)
  3 orc priests
  Crazy Yiuf (D:2)
  5 orc wizards
  Ijyb (D:4)
  2 iguanas
  4 worker ants
  8 adders
  An ooze (D:5)
  An adder skeleton (D:3)
  A worm (D:5)
  4 dart slugs
  2 leopard geckos
  16 orcs
  A ball python (D:1)
  7 giant cockroaches
  4 goblins
  7 hobgoblins
  2 jackals (D:5)
  5 quokkas
  4 bats
  8 frilled lizards
  8 kobolds
  A quokka zombie (D:6)
  6 rats
  A bush (D:7)
  A fungus (D:3)
140 creatures vanquished.

Notes
Turn   | Place    | Note
-------+----------+-------------------------------------------
     0 | D:1      | Peloso the Minotaur Fighter began the quest for the Orb.
     0 | D:1      | Reached XP level 1. HP: 19/19 MP: 0/0
   101 | D:1      | Reached XP level 2. HP: 26/27 MP: 1/1
   762 | D:2      | Reached XP level 3. HP: 33/33 MP: 2/2
   866 | D:2      | Found a deep blue altar of Sif Muna.
   877 | D:2      | Found a hazy altar of Hepliaklqana.
   900 | D:2      | Reached skill level 3 in Long Blades
   907 | D:2      | Found a shadowy altar of Dithmenos.
   928 | D:2      | Found an ancient bone altar of Kikubaaqudgha.
  1068 | D:2      | Found a runed translucent door.
  1069 | D:2      | Noticed Crazy Yiuf
  1549 | D:2      | Killed Crazy Yiuf
  1549 | D:2      | Reached skill level 1 in Dodging
  1549 | D:2      | Reached XP level 4. HP: 29/41 MP: 0/3
  2237 | D:3      | Found a sacrificial altar of Ru.
  2389 | D:4      | Reached skill level 5 in Armour
  2389 | D:4      | Reached XP level 5. HP: 37/47 MP: 4/4
  2397 | D:4      | Noticed an ogre
  2401 | D:4      | Killed an ogre
  2401 | D:4      | Reached skill level 4 in Long Blades
  2431 | D:4      | Reached XP level 6. HP: 35/55 MP: 5/5
  2471 | D:4      | Found Seopn's Magic Scroll Shoppe.
  2491 | D:4      | Got a distressingly furry leather armour
  2503 | D:4      | Identified the cursed +0 leather armour of the Monkey {rF+
                  | rC+ Str+3} (You found it on level 4 of the Dungeon)
  2505 | D:4      | Bought a scroll of remove curse for 33 gold pieces
  2505 | D:4      | Bought a scroll of enchant weapon for 82 gold pieces
  2505 | D:4      | Bought a scroll of identify for 22 gold pieces
  2510 | D:4      | Reached skill level 5 in Fighting
  2561 | D:4      | Found Edghyenk's General Store.
  2578 | D:4      | Reached skill level 5 in Long Blades
  2578 | D:4      | Reached skill level 5 in Shields
  2769 | D:4      | Noticed Ijyb
  2777 | D:4      | Paralysed by Ijyb for 5 turns
  2786 | D:4      | Killed Ijyb
  2854 | D:4      | Found Jyrrot's Gadget Shop.
  2904 | D:4      | Found Gafif's Antique Weapon Emporium.
  2994 | D:5      | Entered Level 5 of the Dungeon
  3006 | D:5      | Reached XP level 7. HP: 43/61 MP: 6/6
  3100 | D:5      | Found a staircase to the Ecumenical Temple.
  3126 | Temple   | Entered the Ecumenical Temple
  3642 | Temple   | Reached skill level 6 in Long Blades
  3642 | Temple   | Reached skill level 1 in Stealth
  3847 | D:5      | Noticed Blork the orc
  3856 | D:5      | Killed Blork the orc
  3923 | D:5      | Found a white marble altar of Elyvilon.
  3940 | D:5      | Found a burning altar of Makhleb.
  4269 | D:6      | Reached XP level 8. HP: 59/70 MP: 7/7
  4448 | D:6      | Reached skill level 7 in Long Blades
  5227 | D:6      | Reached skill level 8 in Long Blades
  5273 | D:6      | Got an ancient robe
  5317 | D:6      | Noticed Grinder
  5330 | D:6      | Paralysed by Grinder for 4 turns
  5358 | D:6      | Killed Grinder
  5624 | D:6      | You fall into a shaft and drop 1 floor!
  5844 | D:6      | Reached XP level 9. HP: 78/78 MP: 8/8
  5945 | D:6      | Identified the +2 robe "Jeujevea" {rPois Int+5 Dex+4} (You
                  | found it on level 6 of the Dungeon)
  6007 | D:7      | Found an iron altar of Okawaru.
  6018 | D:7      | Became a worshipper of Warmaster Okawaru
  6359 | D:7      | Reached skill level 9 in Long Blades
  6431 | D:7      | Found the +12 glaive of Prune {chop}
  6720 | D:7      | Found an iron altar of Okawaru.
  6841 | D:7      | Found a burning altar of Makhleb.
  7031 | D:8      | Reached * piety under Okawaru
  7033 | D:8      | Noticed a troll
  7036 | D:8      | a troll changed into a blink frog
  7334 | D:7      | Paralysed by a hornet for 3 turns
  7335 | D:7      | HP: 4/120 [hornet (9)]
  7336 | D:7      | Slain by a hornet

Levels and vault maps discovered:
D:1:      minmay_arrival_split_and_join, layout_basic
D:2:      layout_basic, nicolae_overflow_quartered_altars,
          uniq_crazy_yiuf_cottage
D:3:      layout_basic, nicolae_ru_the_path_less_chosen
D:4:      layout_rooms, serial_shops, shop, shop, shop, kennysheep_mini_moat,
          uniq_ijyb
D:5:      layout_rooms, kennysheep_little_box, minmay_temple_entry_glass,
          first_ration, corexii_shack, makhleb_heckhound_becter,
          uniq_blork_the_orc
D:6:      minmay_recursive_quarters, layout_basic, nrook_campfire, uniq_grinder
D:7:      layout_basic, marbit_many_paths, nicolae_overflow_hidden_temple,
          the_bakery, kb_lookout_dungeons_type, okawaru_metal_pillars_3
D:8:      minmay_bloctagon, layout_loops_cross, grunt_temple_overflow_diamond,
          dpeg_oklobed_lair, grunt_ministairs_1
Temple:   minmay_temple_forest_path

Skill      XL: |  1  2  3  4  5  6  7  8  9 |
---------------+----------------------------+-----
Fighting       | 4 5 6 7 |  7.7
Armour         | 4 5 6 7 |  7.6
Shields        | 4 5 7 8 |  8.2
Long Blades    | 3 4 5 6 8 9 |  9.8
Dodging        | 1 2 3 |  3.2
Stealth        | 1 2 |  2.2

Action                   |  1- 3 |  4- 6 |  7- 9 || total
-------------------------+-------+-------+-------++-------
Melee: Long sword        |    70 |    99 |   305 ||   474
       Headbutt          |     8 |    18 |    69 ||    95
Invok: Heroism           |       |       |     1 ||     1
Evoke: Wand              |       |       |     1 ||     1
  Use: Potion            |       |     1 |     2 ||     3
       Scroll            |       |       |    10 ||    10
 Stab: Invisible         |     1 |       |       ||     1
       Sleeping          |       |     1 |       ||     1
       Distracted        |       |       |     1 ||     1
  Eat: Chunk             |     2 |     5 |    13 ||    20
       Ration            |       |       |     1 ||     1
Armor: Scale mail        |    20 |       |       ||    20
       Chain mail        |       |    42 |       ||    42
       Leather armour    |       |     7 |    18 ||    25
       Plate armour      |       |       |   105 ||   105
Dodge: Dodged            |    19 |    29 |    86 ||   134
Block: Shield            |    40 |    53 |   180 ||   273
       Rpst.: Long sword |     8 |     8 |    29 ||    45

Table legend:
 A = Non-vault XP
 B = Vault XP
 C = Vault XP percentage of total XP
 D = Non-vault monster count
 E = Vault monster count
 F = Vault count percentage of total count
                 A         B        C        D         E       F
            +---------+---------+-------+---------+---------+-------
      Total |    2547 |    1929 |  43.1 |     119 |      19 |  13.8
            +---------+---------+-------+---------+---------+-------
        D:1 |      38 |       0 |   0.0 |      23 |       0 |   0.0
        D:2 |      53 |      40 |  43.0 |      11 |       1 |   8.3
        D:3 |      48 |       0 |   0.0 |      17 |       0 |   0.0
        D:4 |     500 |      38 |   7.1 |      15 |       1 |   6.2
        D:5 |     396 |     135 |  25.4 |      19 |       3 |  13.6
        D:6 |     862 |     517 |  37.5 |      17 |       4 |  19.0
        D:7 |     328 |     805 |  71.1 |      11 |       7 |  38.9
        D:8 |     284 |     394 |  58.1 |       4 |       3 |  42.9
     Temple |      38 |       0 |   0.0 |       2 |       0 |   0.0
            +---------+---------+-------+---------+---------+-------
